 Dungeon Crawl Stone Soup version 0.31-a0-339-gda1cbd555d (webtiles) character file.

Game seed: 15551185550051176542

499 arthad the Covered (level 7, -1/44 HPs)
             Began as a Gargoyle Fighter on July 21, 2023.
             Killed by nerve-wracking pain
             ... invoked by a shadow imp
             ... summoned by Eustachio
              (5 damage)
             ... on level 5 of the Dungeon.
             The game lasted 00:05:00 (3677 turns).

arthad the Covered (Gargoyle Fighter)               Turns: 3677, Time: 00:05:01

Health: -1/44      AC: 13    Str: 22    XL:     7   Next: 16%
Magic:  7/7        EV:  9    Int:  8    God:
Gold:   156        SH:  4    Dex:  9    Spells: 6/6 levels left

rFire   . . .        a - +0 flail
rCold   . . .        c - +0 buckler
rNeg    + . .        b - +0 scale mail
rPois   ∞            (no helmet)
rElec   +            (no cloak)
rCorr   +            (no gloves)
SInv    .            k - +0 pair of boots
Will    .....        (no amulet) Stlth
                     z - ring of resist corrosion
HPRegen 0.27/turn    (no ring)
MPRegen 0.10/turn

%: no passive effects
@: hasted, invisible, very quick
A: sickness immunity, AC +4, negative energy resistance 1, electricity
resistance, torment resistance 1, petrification resistance
a: no special abilities


You were on level 5 of the Dungeon.
You visited 1 branch of the dungeon, and saw 5 of its levels.

You collected 156 gold pieces.

Inventory:

Hand Weapons
 a - a +0 flail (weapon)
Missiles
 n - 13 poisoned darts
Armour
 b - a +0 scale mail (worn)
 c - a +0 buckler (worn)
 k - a +0 pair of boots (worn)
 y - a +0 pair of boots
Jewellery
 m - a ring of ice
 q - an amulet of faith
 z - a ring of resist corrosion (left hand)
Wands
 s - a wand of polymorph (7)
 x - a wand of roots (7)
Scrolls
 e - 2 scrolls of torment {unknown}
 f - a scroll of poison {unknown}
 g - 8 scrolls of identify {unknown}
 h - 2 scrolls of revelation {unknown}
 i - a scroll of enchant armour {unknown}
 j - a scroll of immolation {unknown}
 l - 2 scrolls of noise {unknown}
 r - 3 scrolls of teleportation {unknown}
 t - a scroll of fear {unknown}
 u - 2 scrolls of vulnerability {unknown}
 A - a scroll of blinking {unknown}
Potions
 d - a potion of might
 p - 3 potions of haste
 v - a potion of attraction {unknown}
 w - a potion of curing {unknown}


   Skills:
 + Level 5.1 Fighting
 + Level 4.1 Maces & Flails
 + Level 5.1 Armour
 + Level 5.1 Shields


You had 6 spell levels left.
You didn't know any spells.
Your spell library contained the following spells:

 Spells                   Type           Power      Damage    Failure   Level
 Apportation              Tloc           0%         N/A       78%         1
 Necrotise                Necr           0%         1d4       78%         1
 Summon Small Mammal      Summ           0%         N/A       78%         1


Dungeon Overview and Level Annotations

Branches:
Dungeon (5/15)
 Temple: D:4-7

Altars:
Elyvilon
Makhleb

Shops:
D:1 *

Annotations:
D:5 Eustachio


Innate Abilities, Weirdness & Mutations

You are immune to sickness and miasma.
Your stone body is resilient. (AC +4)
You are immune to poison.
You resist negative energy. (rN+)
You are resistant to electric shocks. (rElec)
You are resistant to unholy torment.
You are immune to petrification.


Message History

You barely miss Eustachio. The quokka misses you.
The shadow imp hits you but does no damage.
Eustachio says, "My allies will avenge me."
Eustachio hits you with a +0 rapier. You block the quokka's attack.
You sock Eustachio!
Eustachio is moderately wounded.
The shadow imp hits you. Eustachio hits you with a +0 rapier.
The quokka bites you but does no damage.
The shadow imp barely misses you.
You closely miss Eustachio.
Eustachio is moderately wounded.
The quokka bites you but does no damage.
Eustachio mumbles some strange words.
The shadow imp hits you but does no damage.
You barely miss Eustachio.
Eustachio is moderately wounded.
The quokka completely misses you. Eustachio hits you but does no damage.
The shadow imp hits you.
* * * LOW HITPOINT WARNING * * *
The quokka bites you but does no damage.
Eustachio hits you with a +0 rapier.
* * * LOW HITPOINT WARNING * * *
You closely miss Eustachio.
Eustachio is moderately wounded.
You block the quokka's attack. The ufetubus closely misses you.
The ufetubus hits you.
* * * LOW HITPOINT WARNING * * *
You block the shadow imp's attack. Eustachio hits you but does no damage.
The quokka bites you but does no damage.
It was a potion of haste.
You feel yourself speed up.
You block the ufetubus's attack. x2; The shadow imp hits you.
* * * LOW HITPOINT WARNING * * *
The ufetubus hits you but does no damage. x2
The quokka bites you but does no damage.
Eustachio hits you but does no damage.
It was a potion of invisibility.
You fade into invisibility!
The shadow imp gestures at you. Pain shoots through your body!
You die...

....#....#.. ..........#
#.......... #.>........
#.......... #........#.
#.# #.5........ ..#.# ..
.####.r@.# #.#.##..
......@5.###+## #.#.....
.........##...# #.#.....
..........#...# #.#....#
..........#...# #.#....#
......###.#...###.#....#
#####.###.#.(..........+
#...................#
.....##.#######.......


You could see Eustachio (unable to see you), a shadow imp (summoned, unable to
see you), an ufetubus (summoned, unable to see you) and a quokka (summoned,
unable to see you).

Vanquished Creatures
  Sigmund (D:5)
  A black bear (D:4)
  A jelly (D:4)
  An orc priest (D:3)
  An iguana (D:4)
  Terence (D:3)
  5 adders
  3 worms
  4 dart slugs
  4 orcs (D:3)
  9 ball pythons
  11 endoplasms
  2 giant cockroaches
  6 goblins
  5 hobgoblins
  6 jackals
  9 kobolds
  4 quokkas
  6 bats
  3 frilled lizards
  3 rats
86 creatures vanquished.

Vanquished Creatures (others)
  A butterfly (D:3)
1 creature vanquished.

Grand Total: 87 creatures vanquished

Notes
Turn   | Place    | Note
-------+----------+-------------------------------------------
     0 | D:1      | arthad the Gargoyle Fighter began the quest for the Orb.
     0 | D:1      | Reached XP level 1. HP: 14/14 MP: 1/1
   199 | D:1      | Reached XP level 2. HP: 19/19 MP: 2/2
   664 | D:1      | Found Quzxiat's General Store.
   840 | D:2      | Reached XP level 3. HP: 23/23 MP: 3/3
  1190 | D:2      | Reached XP level 4. HP: 26/29 MP: 4/4
  1852 | D:3      | Reached XP level 5. HP: 33/33 MP: 5/5
  1890 | D:3      | Found a white marble altar of Elyvilon.
  2003 | D:3      | Noticed Terence
  2013 | D:3      | Killed Terence
  2454 | D:4      | Noticed a black bear
  2469 | D:4      | Killed a black bear
  2470 | D:4      | Reached XP level 6. HP: 11/39 MP: 6/6
  2663 | D:4      | Found a burning altar of Makhleb.
  3471 | D:5      | Entered Level 5 of the Dungeon
  3509 | D:5      | Noticed Sigmund
  3515 | D:5      | Killed Sigmund
  3516 | D:5      | Reached skill level 5 in Fighting
  3516 | D:5      | Reached skill level 5 in Armour
  3516 | D:5      | Reached skill level 5 in Shields
  3516 | D:5      | Reached XP level 7. HP: 37/44 MP: 7/7
  3648 | D:5      | Noticed Eustachio
  3677 | D:5      | Killed from afar by a shadow imp

Illustrated notes

Levels and vault maps discovered:
D:1:      dpeg_arrival_houses_and_road, layout_basic, serial_shops,
          nicolae_shop_peninsula
D:2:      layout_rooms, minmay_pentomino_x2
D:3:      minmay_octagon_keep, layout_basic, nicolae_elyvilon_peaceful_grove,
          uniq_terence
D:4:      layout_cave_pods, old_standard_altar, kennysheep_flooded_box,
          nicolae_kite_square_tiling_tiny, minmay_misc_feat_columns,
          glass_columns_b
D:5:      layout_basic, nicolae_vehumet_radiance,
          minmay_temple_entry_sparse_star, uniq_eustachio, uniq_sigmund

Skill      XL: |  1  2  3  4  5  6 |
---------------+-------------------+-----
Shields        | 4 5 |  5.1
Fighting       | 4 5 |  5.1
Maces & Flails | 3 4 |  4.1
Armour         | 4 5 |  5.1

Action                     |  1- 3 |  4- 6 |  7- 9 || total
---------------------------+-------+-------+-------++-------
  Melee: Flail             |   131 |   197 |    27 ||   355
    Use: Potion            |       |     1 |     2 ||     3
 Armour: Scale mail        |    91 |   198 |    20 ||   309
  Dodge: Dodged            |    79 |   142 |    10 ||   231
  Block: Buckler           |    37 |    73 |     9 ||   119

Table legend: (Time is in decaauts)
 A = Elapsed time spent in this place.
 B = Non-inter-level travel time spent in this place.
 C = Inter-level travel time spent in this place.
 D = Time resting spent in this place.
 E = Time spent auto-exploring this place.
 F = Levels seen in this place.
 G = Mean time per level.
                   A        B        C        D        E       F      G
               +--------+--------+--------+--------+--------+-----+--------+
         Total |   3779 |   3626 |    153 |     66 |   2771 |   5 |  755.8 |
       Dungeon |   3779 |   3626 |    153 |     66 |   2771 |   5 |  755.8 |
               +--------+--------+--------+--------+--------+-----+--------+

Top non-repeatable levels by time:
     D:4: 1090 daAuts
     D:3: 1010 daAuts
     D:1: 850 daAuts
     D:2: 614 daAuts
     D:5: 213 daAuts
